 Dungeon Crawl Stone Soup version 0.24-a0-3-g5a199981cb (webtiles) character file.

Game seed: 15605131587739422711

51 HYPERjio the Gusty (level 4, 5/30 HPs)
             Began as a Human Air Elementalist on Jan 30, 2019.
             Quit the game in a sewer.
             The game lasted 00:05:17 (1725 turns).

HYPERjio the Gusty (Human Air Elementalist)         Turns: 1725, Time: 00:05:17

Health: 5/30       AC:  2    Str:  8    XL:     4   Next: 7%
Magic:  4/7        EV: 12    Int: 17    God:
Gold:   121        SH:  0    Dex: 13    Spells: 3/7 levels left

rFire    . . .     SeeInvis .   d - +0 dagger
rCold    . . .     Gourm    .   (no shield)
rNeg     . . .     Faith    .   a - +0 robe
rPois    .         Spirit   .   (no helmet)
rElec    .         Reflect  .   (no cloak)
rCorr    .         Harm     .   (no gloves)
MR       .....                  (no boots)
Stlth    ++........             (no amulet)
HPRegen  0.10/turn              (no ring)
MPRegen  0.10/turn              (no ring)

@: no status effects
A: no striking features
a: no special abilities


You were in a sewer.
You were not hungry.

You visited 1 branch of the dungeon, and saw 3 of its levels.
You also visited: Sewer.

You collected 121 gold pieces.

Inventory:

Hand Weapons
 b - a +0 club
 d - a +0 dagger (weapon)
 e - a +0 flail
Missiles
 i - 5 javelins (quivered)
Armour
 a - a +0 robe (worn)
Scrolls
 g - a scroll of random uselessness {unknown}
 k - a scroll of teleportation {unknown}
 l - a scroll of remove curse {unknown}
Comestibles
 c - 3 rations
 f - a chunk of flesh


   Skills:
 - Level 2.0 Dodging
 - Level 2.0 Stealth
 + Level 2.3 Spellcasting
 * Level 2.3 Conjurations
 * Level 3.7 Air Magic


You had 3 spell levels left.
You knew the following spells:

 Your Spells              Type           Power        Failure   Level  Hunger
a - Shock                 Conj/Air       ##..         5%          1    #......
b - Static Discharge      Conj/Air       ##......     16%         3    ###....

Your spell library contained the following spells:

 Spells                   Type           Power        Failure   Level  Hunger
 Swiftness                Chrm/Air       #.......     13%         2    ##.....
 Airstrike                Air            ##........   38%         4    #####..
 Lightning Bolt           Conj/Air       ##........   83%         5    ######.


Dungeon Overview and Level Annotations

Branches:
Dungeon (3/15)

Altars:

Annotations:
Sewer Purgy


Message History

You are feeling hungry.
f - 2 chunks of flesh
There is an empty arch of ancient stone here.
You see here a ball python skeleton.
There is a gate leading back out of this place here.
You enter the shallow water.
Moving in this stuff is going to be slow.
You start resting.
Eating one of 2 chunks of flesh.
You eat one of the 2 chunks of flesh.
Purgy is too close now for your liking.
You enter the shallow water.
Moving in this stuff is going to be slow.
Why would you want to do that?
You enter the shallow water.
Moving in this stuff is going to be slow.
A frilled lizard comes into view.
You aren't carrying any items that you can evoke.
Unknown command.
You aren't carrying any potions.
Unknown command.

#≈≈≈≈≈≈≈≈≈### #.≈≈≈≈
##≈≈≈≈≈≈≈## ##≈≈≈≈
##≈≈≈≈≈≈.##### ≈≈≈≈
#≈≈≈≈≈≈≈≈≈T#.# ≈≈≈≈
#≈≈≈≈≈≈≈≈.≈.##
#≈≈≈≈≈≈≈≈≈≈.≈##
##≈≈≈≈≈≈≈≈≈≈≈.##
#≈≈≈≈≈≈≈≈≈≈≈≈.##
≈≈≈≈≈≈≈≈≈≈≈≈≈≈@#
#≈≈≈≈≈≈≈≈≈≈≈≈≈.≈≈.≈≈≈≈
##≈≈≈≈≈≈≈≈≈≈≈≈≈≈≈≈≈≈≈
#≈≈≈≈≈≈≈≈≈≈≈≈≈≈≈≈≈≈l
≈≈≈≈≈≈≈≈≈≈≈≈≈≈≈≈≈≈≈
≈≈≈≈≈≈≈≈≈≈≈≈≈≈≈≈≈
≈≈≈≈≈≈≈≈≈≈≈≈≈≈≈≈
≈≈≈≈≈≈#≈≈≈≈≈≈≈≈


You could see Purgy and a frilled lizard (sleeping).

Vanquished Creatures
  A gnoll (D:3)
  An adder (D:3)
  A worm (D:3)
  A leopard gecko (D:3)
  5 bats (D:1)
  3 giant cockroaches
  3 hobgoblins (D:1)
  2 kobolds (D:1)
  A quokka (D:3)
  3 ball pythons (Sewer)
  3 frilled lizards
  2 goblins
  4 rats (D:1)
30 creatures vanquished.

Notes
Turn   | Place    | Note
-------+----------+-------------------------------------------
     0 | D:1      | HYPERjio the Human Air Elementalist began the quest for the
                  | Orb.
     0 | D:1      | Reached XP level 1. HP: 13/13 MP: 3/3
   168 | D:1      | Reached XP level 2. HP: 8/19 MP: 0/5
  1365 | D:3      | Reached XP level 3. HP: 21/24 MP: 2/6
  1401 | D:3      | Learned a level 3 spell: Static Discharge
  1489 | D:3      | Found a glowing drain.
  1493 | Sewer    | Entered a sewer
  1495 | Sewer    | Reached XP level 4. HP: 21/30 MP: 0/7
  1670 | Sewer    | Noticed Purgy
  1692 | Sewer    | HP: 1/30 [Purgy (3)]
  1725 | Sewer    | Quit the game

Vault maps used:
D:1:      dpeg_arrival_rooms_with_view, serial_glass, glass_columns_a,
          glass_columns_c, glass_columns_a, glass_columns_c, glass_columns_a,
          glass_columns_c
D:2:      grunt_decor_arrowhead
D:3:      marbit_many_paths, lemuel_crystal_altar,
          chequers_temple_overflow_statue_of_worship, gup_sewer_entry_bowl,
          st_stairs_14
Sewer:    sewer_co_purgy_island

Skill      XL: |  1  2 |
---------------+-------+-----
Conjurations   | 2 |  2.3
Dodging        | |  2.0
Stealth        | |  2.0
Spellcasting   | |  2.3
Air Magic      | |  3.7

Action                   |  1- 3 |  4- 6 || total
-------------------------+-------+-------++-------
Melee: Unarmed           |    18 |       ||    18
       Dagger            |    29 |     3 ||    32
 Cast: Shock             |    48 |    16 ||    64
  Use: Potion            |     2 |       ||     2
       Scroll            |     1 |     1 ||     2
  Eat: Chunk             |     2 |     2 ||     4
Armor: Robe              |    14 |     3 ||    17
Dodge: Dodged            |    69 |     9 ||    78

Table legend:
 A = Non-vault XP
 B = Vault XP
 C = Vault XP percentage of total XP
 D = Non-vault monster count
 E = Vault monster count
 F = Vault count percentage of total count
                 A         B        C        D         E       F
            +---------+---------+-------+---------+---------+-------
      Total |      39 |      35 |  47.3 |      18 |      12 |  40.0
            +---------+---------+-------+---------+---------+-------
        D:1 |      23 |       4 |  14.8 |      16 |       2 |  11.1
        D:3 |      16 |      25 |  61.0 |       2 |       5 |  71.4
      Sewer |       0 |       6 | 100.0 |       0 |       5 | 100.0
            +---------+---------+-------+---------+---------+-------
